 Dungeon Crawl Stone Soup version 0.31.0-9-g3a7656b989 (webtiles) character file.

Game seed: 17810065227333663444

15956 MacCMillion the Thaumaturge (level 12, -14/91 HPs)
             Began as a Djinni Alchemist on Jan 29, 2024.
             Was a Priest of Makhleb.
             Killed from afar by a lightning spire (29 damage)
             ... with a bolt of electricity
             ... in a Gauntlet.
             The game lasted 00:34:39 (16100 turns).

MacCMillion the Thaumaturge (Djinni Alchemist)     Turns: 16100, Time: 00:34:40

Health: -14/91     AC: 12    Str:  7    XL:     12   Next: 64%
Gold:   551        EV: 22    Int: 21    God:    Makhleb [***...] SH:  0 Dex: 15

rFire   + + .        S - staff of conjuration
rCold   x . .        (no shield)
rNeg    . . .        P - +0 steam dragon scales
rPois   ∞            r - +1 helmet
rElec   .            (no cloak)
rCorr   .            y - +0 pair of gloves
SInv    .            (boots unavailable)
Will    +....        (no amulet)
Stlth   +++          w - +4 ring of protection
HPRegen 0.35/turn    m - +5 ring of evasion
MPRegen 0.00/turn

%: no teleportation, infuse magic (-15 HP)
@: flying
A: sickness immunity, fire resistance 2, cold vulnerability 1, float, innate
caster, HP casting, extra vitality 1
a: Renounce Religion, Minor Destruction, Lesser Servant of Makhleb


You were in a Gauntlet.
You worshipped Makhleb.
Makhleb was most pleased with you.
You visited 2 branches of the dungeon, and saw 12 of its levels.
You also visited: Sewer, Bailey and Gauntlet.

You collected 1175 gold pieces.
You spent 624 gold pieces at shops.

Inventory:

Hand Weapons
 d - a +0 short sword
 g - a +2 antimagic dagger
Missiles
 N - 4 throwing nets
Armour
 r - a +1 helmet (worn)
 y - a +0 pair of gloves (worn)
 P - +0 steam dragon scales (worn)
Magical Staves
 S - a staff of conjuration (weapon)
Jewellery
 c - a ring of ice
 j - a ring of resist corrosion
 m - a +5 ring of evasion (right hand)
 o - an amulet of faith
 w - a +4 ring of protection (left hand)
 x - a +6 ring of strength
 K - a ring of protection from cold
 M - a +5 ring of evasion
Wands
 a - a wand of paralysis (12)
 i - a wand of flame (9)
 q - a wand of iceblast (7)
 s - a wand of light (3)
 C - a wand of polymorph (7)
Scrolls
 n - a scroll of enchant armour
 t - 2 scrolls of poison {unknown}
 B - 2 scrolls of fog {unknown}
 D - 4 scrolls of teleportation
 E - a scroll of immolation
 F - 2 scrolls of vulnerability {unknown}
 G - 2 scrolls of revelation {unknown}
 H - a scroll of fear {unknown}
 I - a scroll of identify
 J - a scroll of enchant weapon {unknown}
 L - a scroll of noise {unknown}
 T - a scroll of summoning {unknown}
Potions
 b - 3 potions of lignification
 e - 4 potions of heal wounds
 f - 6 potions of brilliance
 h - 10 potions of enlightenment
 k - a potion of invisibility {unknown}
 l - 3 potions of mutation
 p - a potion of resistance {unknown}
 u - 3 potions of curing {unknown}
 v - a potion of haste {unknown}
 z - 3 potions of cancellation {unknown}
 A - a potion of ambrosia {unknown}
 O - a potion of attraction {unknown}
 Q - a potion of degeneration {unknown}
 R - a potion of might {unknown}


   Skills:
 + Level 9.7 Fighting
 + Level 10.4 Dodging
 - Level 6.0 Stealth
 + Level 10.9 Spellcasting
 + Level 10.9 Conjurations
 + Level 10.9 Hexes
   Level 0.0 Charms
 + Level 10.9 Summonings
 + Level 10.9 Necromancy
 + Level 10.9 Translocations
   Level 0.0 Transmutations
 + Level 10.9 Fire Magic
 + Level 10.9 Ice Magic
 + Level 10.9 Air Magic
 + Level 10.9 Earth Magic
 + Level 10.9 Alchemy


You knew the following spells:

 Your Spells              Type           Power      Damage    Failure   Level
a - Sting                 Conj/Alch      100%       1d9       1%          1
b - Mercury Vapours       Alch/Air       100%       N/A       1%          2
c - Mephitic Cloud        Conj/Alch/Air  72%        N/A       1%          3
d - Olgreb's Toxic Radia  Alch           55%        N/A       1%          4
e - Sticky Flame          Fire/Alch      55%        2d10      1%          4
f - Shock                 Conj/Air       100%       1d9       1%          1
g - Lesser Beckoning      Tloc           100%       N/A       1%          2
h - Swiftness             Air            55%        N/A       1%          3
i - Flame Wave            Conj/Fire      72%        2d16      1%          4
j - Summon Forest         Summ/Tloc      27%        N/A       1%          5
Your spell library was empty.

Dungeon Overview and Level Annotations

Branches:
Dungeon (11/15)            Temple (0/1) D:7            Lair (1/5) D:8
  Sewer (visited)          Bailey (visited)         Gauntlet (1/1)
    Orc: D:9-12

Altars:
Cheibriados
Dithmenos
Elyvilon
Fedhas
Gozag
Makhleb
Okawaru
Ru
Trog
Uskayaw
Xom
Yredelemnul
Zin
The Shining One

Shops:
D:8 :   D:10 ?*

Annotations:
D:2 1 runed translucent door, Crazy Yiuf, Natasha
D:11 exclusion: upstairs Gauntlet 7 transporters, exclusion: 2 lightning spires


Innate Abilities, Weirdness & Mutations

You are immune to sickness and miasma.
You are immune to poison.
Your flesh is very heat resistant. (rF++)
You are vulnerable to cold. (rC-)
You float through the air rather than walking.
You learn spells naturally, not from books.
Your magical power is your life essence.
You have superior vitality. (+4 MHP)


Message History

Aiming: Paralyse
Press: ? - help, Shift-Dir - straight line, f - you
Okay, then.
The lightning spire shoots out a bolt of lightning at you!
The bolt of electricity hits you!!
Casting: Sticky Flame (mildly dangerous; 1% risk of failure)
Confirm with . or Enter, or press ? or * to list all spells.
Casting: Flame Wave (mildly dangerous; 1% risk of failure)
Press: ? - help, Dir - look around, f - activate You feel a surge of power!
A wave of flame ripples out!
The flame wave engulfs the lightning spire.
The lightning spire resists.
The lightning spire is lightly damaged. (Press . to intensify the flame waves.)
The lightning spire shoots out a bolt of lightning at you!
The bolt of electricity hits you!
The lightning spire shoots out a bolt of lightning at you!
The bolt of electricity misses you. The bolt of electricity hits you!
You barely miss the lightning spire.
You hit the lightning spire but do no damage.
The lightning spire shoots out a bolt of lightning at you!
The bolt of electricity misses you. x2
You hit the lightning spire.
The lightning spire is lightly damaged.
The lightning spire shoots out a bolt of lightning at you!
The bolt of electricity misses you. x2
A demon appears!
The lightning spire shoots out a bolt of lightning at you!
The bolt of electricity misses you.
The bolt of electricity hits your hellwing!! x2
Your hellwing dies!
Your hellwing disappears in a puff of smoke!
The bolt of electricity misses you.
A demon appears!
It doesn't seem very happy.
The lightning spire shoots out a bolt of lightning at you!
The bolt of electricity hits you!!
* * * LOW HITPOINT WARNING * * *
The bolt of electricity hits you!!
You die...

##..#.#...#.#..###########..
#≈..#...©...#......#©#......
##..#########......#©#......
#≈.....#©#.....###########..
##.....#©#.....#.≈...≈≈..#..
#§..#########..#.≈^.≈..≈.#..
##..#©..#83§#..#.≈≈^≈≈.≈©#..
#≈..###.#.#§#..#..≈...≈.≈#..
##..#...#.#@#..#≈≈.≈^≈..≈#..
#≈..#.###.#8#..#.≈.≈≈≈.≈.#..
##..#.#...#!#..#.^≈^.^≈≈^#..
#≈..#'#.###(#..#.≈^≈...≈.#..
##..#...#©[.#..#=≈.$©!≈..#..
#§..#########..###########..
##...........∩..............
#≈........§......§.§§.......
###≈#≈#≈#≈########§#≈#§#≈#≈#


You could see a lightning spire and a ynoxinul (summoned).

Vanquished Creatures
  Harold (D:9)
  4 two-headed ogres
  A wolf spider zombie (D:10)
  Joseph (D:8)
  5 centaur zombies (D:10)
  A gargoyle (D:10)
  3 centaur skeletons (D:10)
  2 kobold demonologists (D:10)
  A komodo dragon (Lair:1)
  An unseen horror zombie (D:10)
  2 trolls
  A queen bee (Gauntlet)
  2 hellwings (D:10)
  A hornet (D:8)
  2 raiju (Gauntlet)
  2 slime creatures (Gauntlet)
  A vampire (D:10)
  9 yaks (D:10)
  A wraith (D:10)
  A steam dragon (D:10)
  An acid dragon (D:10)
  Duvessa (D:7)
  A water moccasin (D:7)
  Pargi (Sewer)
  7 orc warriors
  4 sky beasts
  A black bear (D:5)
  A hornet zombie (D:10)
  An ice beast (D:4)
  2 ogres
  A centaur (D:9)
  3 kobold brigands
  2 brain worms (Sewer)
  4 bullfrogs
  2 gnoll sergeants
  A scorpion (D:7)
  A necrophage (D:10)
  3 wights
  9 killer bees
  Dowan (D:7)
  2 howler monkeys (D:9)
  2 crimson imps
  2 hounds
  A human zombie (D:10)
  4 jellies
  5 orc priests
  3 bombardier beetles
  3 iguanas
  2 sleepcaps (D:7)
  Natasha (D:2)
  8 orc wizards
  4 mummies (D:10)
  A howler monkey zombie (D:10)
  Robin (D:4)
  12 adders
  11 gnolls
  A river rat (D:3)
  7 shadow imps
  A white imp (D:6)
  4 ufetubi
  A dart slug (D:3)
  A ribbon worm (D:2)
  31 orcs
  6 bats
  6 endoplasms
  7 giant cockroaches
  16 goblins
  10 hobgoblins
  10 jackals
  5 quokkas
  8 ball pythons
  4 frilled lizards
  3 goblin zombies (D:3)
  A hobgoblin zombie (D:3)
  27 kobolds
  A kobold skeleton (D:3)
  2 orc skeletons (D:3)
  2 orc zombies (D:3)
  A rat (D:3)
306 creatures vanquished.

Vanquished Creatures (collateral kills)
  3 wights (D:9)
3 creatures vanquished.

Grand Total: 309 creatures vanquished

Notes
Turn   | Place    | Note
-------+----------+-------------------------------------------
     0 | D:1      | MacCMillion the Djinni Alchemist began the quest for the
                  | Orb.
     0 | D:1      | MacCMillion set off with the following spells memorised:
                  | Sting, Mercury Vapours, Mephitic Cloud, Olgreb's Toxic
                  | Radiance, Sticky Flame.
     0 | D:1      | Reached XP level 1. HP: 15/15 MP: 0/0
   128 | D:1      | Reached XP level 2. HP: 21/21 MP: 0/0
   536 | D:1      | Found a faded altar of an unknown god.
   665 | D:1      | Reached XP level 3. HP: 22/25 MP: 0/0
   665 | D:1      | Learned a level 1 spell: Shock
  1186 | D:2      | Reached XP level 4. HP: 24/31 MP: 0/0
  1358 | D:2      | Found a runed translucent door.
  1359 | D:2      | Noticed Crazy Yiuf
  1414 | D:2      | Noticed Natasha
  1512 | D:2      | Killed Natasha
  2103 | D:2      | Reached XP level 5. HP: 35/35 MP: 0/0
  2103 | D:2      | Learned a level 2 spell: Lesser Beckoning
  2376 | D:2      | Noticed Natasha
  2770 | D:3      | Found a glowing golden altar of the Shining One.
  2809 | D:3      | Reached XP level 6. HP: 14/40 MP: 0/0
  2923 | D:3      | Found a glowing drain.
  2929 | D:3      | Reached skill level 5 in Spellcasting
  2929 | D:3      | Reached skill level 5 in Conjurations
  2929 | D:3      | Reached skill level 5 in Hexes
  2929 | D:3      | Reached skill level 5 in Summonings
  2929 | D:3      | Reached skill level 5 in Necromancy
  2929 | D:3      | Reached skill level 5 in Translocations
  2929 | D:3      | Reached skill level 5 in Fire Magic
  2929 | D:3      | Reached skill level 5 in Ice Magic
  2929 | D:3      | Reached skill level 5 in Air Magic
  2929 | D:3      | Reached skill level 5 in Earth Magic
  2929 | D:3      | Reached skill level 5 in Alchemy
  2937 | Sewer    | Entered a sewer
  3100 | Sewer    | Noticed Pargi
  3105 | Sewer    | Killed Pargi
  3106 | Sewer    | Reached XP level 7. HP: 33/45 MP: 0/0
  3106 | Sewer    | Learned a level 3 spell: Swiftness
  4067 | D:3      | Found a glowing golden altar of the Shining One.
  5306 | D:4      | Identified the +1 chain mail of Prudence {rF+ Dex+2}
  5428 | D:4      | Reached XP level 8. HP: 29/50 MP: 0/0
  5916 | D:4      | Noticed Robin
  5926 | D:4      | Killed Robin
  5969 | D:5      | Entered Level 5 of the Dungeon
  6735 | D:5      | Reached skill level 1 in Fighting
  7298 | D:6      | Noticed a troll
  7306 | D:6      | Killed a troll
  7307 | D:6      | Reached XP level 9. HP: 46/59 MP: 0/0
  7307 | D:6      | Learned a level 4 spell: Flame Wave
  7895 | D:6      | Found a glowing silver altar of Zin.
  8066 | D:7      | Found a white marble altar of Elyvilon.
  8133 | D:7      | Noticed a troll
  8157 | D:7      | Killed a troll
  8217 | D:7      | Found a burning altar of Makhleb.
  8223 | D:7      | Became a worshipper of Makhleb the Destroyer
  8234 | D:7      | Found a staircase to the Ecumenical Temple.
  8333 | D:7      | Found a sacrificial altar of Ru.
  8337 | D:7      | Found a shadowy altar of Dithmenos.
  8371 | D:7      | Found a flagged portal.
  8452 | Bailey   | Entered a bailey
  8948 | D:7      | Noticed a two-headed ogre
  8965 | D:7      | Killed a two-headed ogre
  8966 | D:7      | Reached skill level 5 in Fighting
  8966 | D:7      | Reached skill level 5 in Dodging
  8966 | D:7      | Reached XP level 10. HP: 52/70 MP: 0/0
  9259 | D:7      | Noticed Duvessa
  9268 | D:7      | Killed Duvessa
  9268 | D:7      | Reached * piety under Makhleb
  9628 | D:7      | Found a snail-covered altar of Cheibriados.
  9784 | D:7      | Noticed Dowan
  9789 | D:7      | Killed Dowan
  9931 | D:7      | Found a shimmering altar of Xom.
  9968 | D:7      | Found an iron altar of Okawaru.
 10008 | D:8      | Noticed Joseph
 10026 | D:8      | Killed Joseph
 10431 | D:8      | Found Kycwami's Book Emporium.
 10517 | D:8      | Found a staircase to the Lair.
 11002 | D:8      | Found a bloodstained altar of Trog.
 11409 | D:9      | Reached ** piety under Makhleb
 11593 | D:9      | Noticed a two-headed ogre
 11616 | D:9      | Killed a two-headed ogre
 11617 | D:9      | Reached XP level 11. HP: 60/79 MP: 0/0
 11617 | D:9      | Learned a level 5 spell: Summon Forest
 12085 | D:9      | Noticed a two-headed ogre
 12103 | D:9      | Killed a two-headed ogre
 12205 | D:9      | Noticed Harold
 12214 | D:9      | Killed Harold
 12215 | D:9      | Reached skill level 5 in Stealth
 12215 | D:9      | Reached skill level 10 in Spellcasting
 12215 | D:9      | Reached skill level 10 in Conjurations
 12215 | D:9      | Reached skill level 10 in Hexes
 12215 | D:9      | Reached skill level 10 in Summonings
 12215 | D:9      | Reached skill level 10 in Necromancy
 12215 | D:9      | Reached skill level 10 in Translocations
 12215 | D:9      | Reached skill level 10 in Fire Magic
 12215 | D:9      | Reached skill level 10 in Ice Magic
 12215 | D:9      | Reached skill level 10 in Air Magic
 12215 | D:9      | Reached skill level 10 in Earth Magic
 12215 | D:9      | Reached skill level 10 in Alchemy
 12330 | D:9      | Found an opulent altar of Gozag.
 12522 | D:10     | Entered Level 10 of the Dungeon
 13327 | D:10     | Reached XP level 12. HP: 88/88 MP: 0/0
 13337 | D:10     | Found Opojics's Magic Scroll Shoppe.
 13353 | D:10     | Noticed a two-headed ogre
 13377 | D:10     | Killed a two-headed ogre
 13378 | D:10     | Bought a scroll of acquirement for 624 gold pieces
 13492 | D:10     | Found a blossoming altar of Fedhas.
 13772 | D:10     | Reached *** piety under Makhleb
 13858 | D:10     | Found a basalt altar of Yredelemnul.
 14139 | D:10     | Found Kuqi Huk's Overcharged Wands.
 14557 | D:10     | Reached skill level 10 in Dodging
 14637 | D:10     | Identified the +6 morningstar "Globulus" {venom, rElec rC-
                  | rN+++ Int-3}
 14778 | D:10     | Found a hide-covered altar of Uskayaw.
 14869 | D:11     | Noticed a skeletal warrior
 14985 | Lair:1   | Entered Level 1 of the Lair of Beasts
 15048 | Lair:1   | Found a gate leading to a gauntlet.
 15054 | Gauntlet | Entered a Gauntlet
 15054 | Gauntlet | Noticed a sixfirhy
 15054 | Gauntlet | Found a transporter.
 15054 | Gauntlet | Found a transporter.
 15054 | Gauntlet | Found a transporter.
 15088 | Gauntlet | Found a transporter.
 15097 | Gauntlet | Noticed a tengu warrior
 15100 | Gauntlet | Found a transporter.
 15101 | Gauntlet | Found a transporter.
 15110 | Gauntlet | Found a transporter.
 15129 | Gauntlet | Found a transporter.
 15133 | Gauntlet | Found a runed translucent door.
 15147 | Gauntlet | Found a transporter.
 15148 | Gauntlet | Found a transporter.
 15157 | Gauntlet | Found a transporter.
 15159 | Gauntlet | Found a transporter.
 15357 | Gauntlet | Identified the +4 robe "Pashag" {Harm}
 15427 | Gauntlet | Acquired a staff of conjuration
 15542 | Gauntlet | Reached **** piety under Makhleb
 16100 | Gauntlet | Killed from afar by a lightning spire

Illustrated notes

Levels and vault maps discovered:
D:1:      ebering_trefoil_3fold, layout_basic, ebering_ecumenical_altar_hall,
          wander_ebering_terrifying_dragon_lair
D:2:      layout_loops_corners, minmay_quantized, uniq_crazy_yiuf_cottage,
          uniq_natasha
D:3:      layout_loops_ring, nicolae_tso_besieged_by_evil,
          gup_sewer_entry_bubbles
D:4:      layout_gridville, mainiacjoe_overflow_small_starburst,
          nicolae_houndstooth_variations, uniq_robin
D:5:      cheibrodos_quashed, layout_loops_ring
D:6:      layout_loops_cross, zin_treasury
D:7:      cheibrodos_fzero, layout_basic,
          grunt_temple_overflow_lords_of_destruction,
          nicolae_dithmenos_through_a_glass_darkly, lemuel_tele_altar,
          mainiacjoe_overflow_alcove_4, amcnicky_altar_gilded,
          jmf_multi_god_temple2, minmay_temple_entry_drinking_statues,
          enter_bailey_6, uniq_duvessa
D:8:      layout_basic, general_overflow_altar, dpeg_oklobed_lair,
          serial_rivers, chequers_serial_rivers_large_a,
          chequers_serial_rivers_small_b, chequers_serial_rivers_room_b,
          chequers_serial_rivers_micro_c, serial_shops,
          nicolae_shop_window_shopping, uniq_joseph
D:9:      layout_stronghold, grunt_gozag_breadcrumbs, uniq_harold
D:10:     cheibrodos_grave_circle, layout_stronghold, old_standard_altar,
          lemuel_round_altar, lemuel_mausoleum_altar_yredelemnul, serial_shops,
          shop, nicolae_shop_overcharged_wands
D:11:     layout_loops_corners, erik_orc_1
Lair:1:   layout_cave_pods, portal_ice_cave_entry_pillars_1,
          gauntlet_entry_generic, nicolae_lair_lakeside_cave,
          infiniplex_staircase_pool_2
Gauntlet: minmay_gauntlet_mixed_big_or_small [gammafunk_gauntlet_arena_teeth,
          minmay_gauntlet_arena_77_p_blocks, gammafunk_gauntlet_arena_chambers,
          minmay_gauntlet_arena_77_mirror, nicolae_gauntlet_arena_flowing_pool,
          minmay_gauntlet_arena_77_path, gauntlet_exit_watery]

Skill      XL: |  1  2  3  4  5  6  7  8  9 10 11 12 |
---------------+-------------------------------------+-----
Stealth        | 2 3 4 6 |  6.0
Spellcasting   | 4 5 6 8 9 10 | 10.9
Conjurations   | 4 5 6 8 9 10 | 10.9
Hexes          | 4 5 6 8 9 10 | 10.9
Summonings     | 4 5 6 8 9 10 | 10.9
Necromancy     | 4 5 6 8 9 10 | 10.9
Translocations | 4 5 6 8 9 10 | 10.9
Fire Magic     | 4 5 6 8 9 10 | 10.9
Ice Magic      | 4 5 6 8 9 10 | 10.9
Air Magic      | 4 5 6 8 9 10 | 10.9
Earth Magic    | 4 5 6 8 9 10 | 10.9
Alchemy        | 4 5 6 8 9 10 | 10.9
Fighting       | 2 5 7 8 9 |  9.7
Dodging        | 5 7 9 10 | 10.4

Action                     |  1- 3 |  4- 6 |  7- 9 | 10-12 || total
---------------------------+-------+-------+-------+-------++-------
  Melee: Short sword       |     4 |       |       |       ||     4
         Dagger            |       |     5 |    13 |    59 ||    77
         Punch             |       |       |       |     1 ||     1
         Staff             |       |       |       |     4 ||     4
   Cast: Sting             |    55 |    63 |    91 |    45 ||   254
         Sticky Flame      |       |    13 |     6 |    41 ||    60
         Mephitic Cloud    |       |     1 |    18 |    30 ||    49
         Olgreb's Toxic Ra |       |       |    45 |    70 ||   115
         Shock             |       |       |     5 |    12 ||    17
         Flame Wave        |       |       |     1 |    12 ||    13
         Summon Forest     |       |       |       |     2 ||     2
         Swiftness         |       |       |       |     1 ||     1
 Invoke: Lesser Servant of |       |       |       |     2 ||     2
  Evoke: Wand              |       |       |       |     4 ||     4
    Use: Scroll            |       |       |     5 |     4 ||     9
   Stab: Sleeping          |       |     1 |       |     6 ||     7
         Confused          |       |       |       |     4 ||     4
 Armour: Robe              |    24 |    11 |    49 |    11 ||    95
         Steam dragon scal |       |       |       |    72 ||    72
  Dodge: Dodged            |    26 |    23 |    38 |   163 ||   250
